 Dungeon Crawl Stone Soup version 0.31-a0-175-g9f7f995f2b (webtiles) character file.

Game seed: 10441072264220986649

258 qw the Shooter (level 6, 0/56 HPs)
             Began as a Naga Hunter on June 16, 2023.
             Slain by a quasit (1 damage)
             ... on level 4 of the Dungeon.
             The game lasted 00:00:28 (1280 turns).

qw the Shooter (Naga Hunter)                        Turns: 1280, Time: 00:00:28

Health: 0/56       AC:  3    Str: 13      XL:     6   Next: 16%
Magic:  6/6        EV:  9    Int: 10      God:
Gold:   93         SH:  0    Dex:  8 (16) Spells: 5/5 levels left

rFire   . . .        Y - +0 shortbow
rCold   . . .        (shield currently unavailable)
rNeg    . . .        c - +0 leather armour
rPois   +            (no helmet)
rElec   .            (no cloak)
rCorr   .            (no gloves)
SInv    +            (no barding)
Will    .....        (no amulet)
Stlth   +            (no ring)
HPRegen 0.29/turn    (no ring)
MPRegen 0.10/turn

%: no passive effects
@: very slow
A: AC +2, large, see invisible, deformed body, poison resistance, slowness 2,
spit poison 1, naga tail 1
a: Spit Poison


You were on level 4 of the Dungeon.
You visited 1 branch of the dungeon, and saw 3 of its levels.

You collected 93 gold pieces.


Innate Abilities, Weirdness & Mutations

Your serpentine skin is tough. (AC +2)
You have supernaturally acute eyesight. (SInv)
Armour fits poorly on your strangely shaped body.
Your system is resistant to poisons. (rPois)
You cover ground very slowly.
You can spit poison.
You have a snake-like lower body.


   Skills:
 + Level 3.0 Fighting
 - Level 6.2 Ranged Weapons
 - Level 1.5 Dodging
 - Level 1.5 Stealth


You had 5 spell levels left.
You didn't know any spells.
Your spell library was empty.

Inventory:

Hand Weapons
 Y - a +0 shortbow (weapon)
Armour
 b - a +0 cloak
 c - a +0 leather armour (worn)
Scrolls
 a - 4 scrolls of identify
 d - a scroll of fear {unknown}
 g - a scroll of poison {unknown}
Potions
 e - a potion of curing {unknown}
 f - a potion of cancellation {unknown}
 h - a potion of resistance {unknown}

Dungeon Overview and Level Annotations

Branches:
Dungeon (2/15)

Altars:


Message History

The quasit bites you but does no damage.
The quasit claws you but does no damage.
The quasit barely misses you. The quokka bites you. The quasit bites you.
The quasit claws you.
The quasit claws you but does no damage.
You shoot an arrow. The arrow hits the quasit.
The quasit is moderately wounded.
You have got your breath back.
The quokka bites you. The quasit bites you.
The quasit claws you but does no damage. x2
The quokka barely misses you.
1277 ||| INVOKING Spit Poison.
Aiming: Spit Poison (1% risk of failure)
Press: ? - help, Shift-Dir - straight line, f - quokka, p - quasit The splash of poison hits the quokka!
The quokka is poisoned.
You kill the quokka!
The quasit bites you but does no damage.
The quasit claws you.
The quasit claws you but does no damage.
You shoot an arrow. The arrow misses the quasit.
The quasit bites you.
You feel clumsy. The quasit barely misses you. The quasit closely misses you.
The quasit bites you.
You feel clumsy. The quasit claws you.
The quasit claws you but does no damage.
You shoot an arrow. The arrow hits the quasit.
The quasit is moderately wounded.
You have got your breath back.
The quasit bites you. The quasit barely misses you.
The quasit closely misses you.
You shoot an arrow.
The arrow hits the quasit but does no damage.
The quasit is moderately wounded.
The quasit closely misses you.
The quasit claws you but does no damage. x2
The quasit bites you but does no damage.
The quasit claws you.
You die...

#..#
.#####..#
........#
.#####..#
#.....# #
#.##..#
#.#.##.....#
#..........#
###.##@.####
#5.# ...#
.#.## ..#.#
.. #.. ...
..# #.. 7.7


You could see a quasit.

Vanquished Creatures
  Sigmund (D:2)
  A hound (D:4)
  2 adders (D:2)
  A shadow imp (D:4)
  2 ufetubi (D:4)
  6 ball pythons
  3 endoplasms
  A giant cockroach (D:1)
  4 goblins
  2 hobgoblins
  2 kobolds
  5 quokkas
  4 bats
  A frilled lizard (D:1)
  3 rats
38 creatures vanquished.

Notes
Turn   | Place    | Note
-------+----------+-------------------------------------------
     0 | D:1      | qw the Naga Hunter began the quest for the Orb.
     0 | D:1      | Reached XP level 1. HP: 19/19 MP: 1/1
     0 | D:1      | 0 ||| qw: Version: 0.2-a-29-g511e9b1
     0 | D:1      | 0 ||| qw: Game counter: 5717
     0 | D:1      | 0 ||| qw: Always use a shield: true
     0 | D:1      | 0 ||| qw: God list: Okawaru
     0 | D:1      | 0 ||| qw: Allow faded altars: false
     0 | D:1      | 0 ||| qw: Do Orc after D:15 true
     0 | D:1      | 0 ||| qw: Do second Lair branch before Depths: true
     0 | D:1      | 0 ||| qw: Lair rune preference: random
     0 | D:1      | 0 ||| qw: Plans: Normal
     0 | D:1      | 0 ||| PLANNING D:1-11
     9 | D:1      | 9 ||| INVOKING Spit Poison.
    13 | D:1      | 13 ||| INVOKING Spit Poison.
    91 | D:1      | 91 ||| INVOKING Spit Poison.
   213 | D:1      | 213 ||| INVOKING Spit Poison.
   217 | D:1      | 217 ||| INVOKING Spit Poison.
   218 | D:1      | Reached skill level 4 in Ranged Weapons
   218 | D:1      | Reached XP level 2. HP: 26/26 MP: 2/2
   284 | D:1      | 284 ||| INVOKING Spit Poison.
   290 | D:1      | 290 ||| INVOKING Spit Poison.
   464 | D:1      | 464 ||| INVOKING Spit Poison.
   544 | D:1      | 544 ||| INVOKING Spit Poison.
   559 | D:1      | 559 ||| INVOKING Spit Poison.
   580 | D:1      | 580 ||| INVOKING Spit Poison.
   600 | D:1      | 600 ||| INVOKING Spit Poison.
   758 | D:1      | 758 ||| INVOKING Spit Poison.
   935 | D:1      | 935 ||| READING 3 scrolls labelled IDUCAEPSELU.
   936 | D:1      | 936 ||| READING scroll labelled PECEUME APPOGI.
   937 | D:1      | 937 ||| READING 2 scrolls of identify.
   937 | D:1      | 937 ||| IDENTIFYING bubbling golden potion
   938 | D:1      | 938 ||| DROPPING scroll of butterflies.
   939 | D:1      | 939 ||| DROPPING potion of lignification.
   949 | D:2      | 949 ||| INVOKING Spit Poison.
   953 | D:2      | 953 ||| STAIRDANCE
   956 | D:1      | 956 ||| INVOKING Spit Poison.
   957 | D:1      | Reached XP level 3. HP: 28/32 MP: 3/3
   974 | D:2      | 974 ||| INVOKING Spit Poison.
   991 | D:2      | Found a faded altar of an unknown god.
   994 | D:2      | 994 ||| INVOKING Spit Poison.
  1042 | D:2      | 1042 ||| INVOKING Spit Poison.
  1089 | D:2      | 1089 ||| INVOKING Spit Poison.
  1099 | D:2      | 1099 ||| INVOKING Spit Poison.
  1104 | D:2      | 1104 ||| INVOKING Spit Poison.
  1106 | D:2      | Noticed Sigmund
  1108 | D:2      | 1108 ||| INVOKING Spit Poison.
  1112 | D:2      | 1112 ||| INVOKING Spit Poison.
  1112 | D:2      | Killed Sigmund
  1113 | D:2      | Reached skill level 6 in Ranged Weapons
  1113 | D:2      | Reached XP level 4. HP: 29/39 MP: 4/4
  1113 | D:2      | Reached XP level 5. HP: 33/45 MP: 5/5
  1208 | D:2      | 1208 ||| INVOKING Spit Poison.
  1212 | D:2      | You fall into a shaft and drop 2 floors!
  1222 | D:4      | 1222 ||| PLANNING SEWER
  1236 | D:4      | 1236 ||| INVOKING Spit Poison.
  1239 | D:4      | Reached XP level 6. HP: 55/55 MP: 6/6
  1255 | D:4      | 1255 ||| INVOKING Spit Poison.
  1273 | D:4      | Reached skill level 3 in Fighting
  1273 | D:4      | 1273 ||| INVOKING Spit Poison.
  1275 | D:4      | HP: 14/56 [quasit (3)]
  1277 | D:4      | 1277 ||| INVOKING Spit Poison.
  1278 | D:4      | HP: 6/56 [quasit (2)]
  1278 | D:4      | HP: 2/56 [quasit (2)]
  1280 | D:4      | Slain by a quasit

Levels and vault maps discovered:
D:1:      reono_arrival_mine, layout_basic
D:2:      layout_basic, ebering_ecumenical_altar_abandoned, hex_tiny,
          uniq_sigmund
D:4:      layout_loops_ring, serial_demonic, serial_demonic_g, serial_demonic_c,
          serial_demonic_e, serial_demonic_d, serial_demonic_b,
          serial_demonic_g, serial_demonic_d, serial_demonic_b,
          cheibrodos_sewer_entry_sluice, kennysheep_crisscross, uniq_edmund

Skill      XL: |  1  2  3  4  5  6 |
---------------+-------------------+-----
Ranged Weapons | 4 6 |  6.2
Fighting       | 3 |  3.0
Dodging        | |  1.5
Stealth        | |  1.5

Action                     |  1- 3 |  4- 6 || total
---------------------------+-------+-------++-------
   Fire: Shortbow          |    49 |    31 ||    80
Ability: Spit Poison       |    23 |     5 ||    28
    Use: Scroll            |     3 |       ||     3
 Armour: Leather armour    |     8 |    40 ||    48
  Dodge: Dodged            |    19 |    43 ||    62

Table legend:
 A = Non-vault XP
 B = Vault XP
 C = Vault XP percentage of total XP
 D = Non-vault monster count
 E = Vault monster count
 F = Vault count percentage of total count
                 A         B        C        D         E       F
            +---------+---------+-------+---------+---------+-------
      Total |     119 |     250 |  67.8 |      34 |       4 |  10.5
            +---------+---------+-------+---------+---------+-------
        D:1 |      33 |       0 |   0.0 |      19 |       0 |   0.0
        D:2 |      40 |     223 |  84.8 |      11 |       1 |   8.3
        D:4 |      46 |      27 |  37.0 |       4 |       3 |  42.9
            +---------+---------+-------+---------+---------+-------
